AoeStats
← Oscar Romaci

Arabia

509743265Analyzed
3v3 RM · 4d ago on Sep 27, 2026· 74m 43s· 6 players
Game mode
Random Map
Map size
Normal (6 player)
Population
200
Speed
Normal
Resources
Standard
Victory
Conquest
Starting age
Dark Age
Ending age
Imperial Age
RankedLock teamsTeams togetherTeam positionsShared explorationLock speedFull tech treeHidden civsTurbo modeCheats
Victory
Defeat
🇫🇷 Bulgarians · France
736
+15
🇲🇽 Bohemians · Mexico
662
+27
🇧🇴 Vikings · Bolivia
628
+20
🇻🇪 Persians · Venezuela
961
-97
🇨🇱 Danes · Chile
768
-20
🇨🇱 Mapuche · Chile
424
-7
Oscar Romaci
11:49 Feudal Age
13:55 Double-Bit Axe
16:46 Wheelbarrow
23:59 Arson
26:41 Castle Age
26:55 Castle Age
24:28 Man-at-Arms
25:26 Forging
25:20 Scale Mail Armor
28:52 Bow Saw
29:25 Iron Casting
29:06 Chain Mail Armor
28:54 Padded Archer Armor
30:25 Hand Cart
31:32 Squires
31:47 Husbandry
37:23 Fletching
37:49 Leather Archer Armor
37:41 Scale Barding Armor
37:17 Long Swordsman
39:31 Siphons
40:28 Chemistry
41:37 Murder Holes
42:11 Loom
46:52 Imperial Age
47:18 Caravan
48:59 Two-Man Saw
48:28 Ballistics
48:25 Incendiaries
48:37 Bombard Tower
48:34 Fortified Wall
49:50 Blast Furnace
48:46 Bodkin Arrow
49:13 Chain Barding Armor
49:24 Plate Mail Armor
52:07 Bracer
52:39 Ring Archer Armor
51:35 Elite Skirmisher
53:05 Guard Tower
53:36 Guilds
53:15 Two-Handed Swordsman
56:07 Horse Collar
60:45 Sappers
61:26 Wagenburg Tactics
61:36 Hussite Reforms
61:19 Cavalier
62:15 Champion
63:25 Conscription
62:43 Elite Hussite Wagon
fournier.emmy
0:50 Loom
10:19 Feudal Age
10:47 Double-Bit Axe
21:00 Castle Age
19:21 Forging
20:02 Scale Barding Armor
19:40 Horse Collar
21:05 Gold Mining
24:04 Ballistics
26:43 Murder Holes
29:17 Town Watch
29:32 Arson
32:21 Masonry
37:08 Imperial Age
35:48 Ballistics
35:33 Heavy Plow
35:45 Bow Saw
38:24 Bagains
38:21 Capped Ram
40:21 Wheelbarrow
40:01 Town Patrol
41:15 Stirrups
42:35 Chain Barding Armor
42:51 Iron Casting
43:34 Squires
42:54 Pikeman
45:28 Gambesons
45:46 Scale Mail Armor
45:46 Padded Archer Armor
46:47 Blast Furnace
45:37 Fletching
46:23 Plate Barding Armor
45:21 Siege Ram
47:57 Hand Cart
52:25 Chain Mail Armor
52:26 Leather Archer Armor
52:44 Architecture
53:24 Crop Rotation
53:35 Elite Skirmisher
54:59 Caravan
56:02 Chemistry
55:09 Siege Engineers
56:52 Heavy Scorpion
57:42 Halberdier
58:28 Husbandry
57:48 Cavalier
64:38 Plate Mail Armor
64:03 Bodkin Arrow
64:55 Thumb Ring
71:33 Elite Konnik
BRICET27S
0:38 Loom
12:43 Feudal Age
13:12 Double-Bit Axe
13:09 Horse Collar
15:35 Man-at-Arms
19:56 Forging
19:47 Scale Mail Armor
22:29 Gold Mining
25:17 Castle Age
27:36 Iron Casting
27:24 Bow Saw
27:20 Heavy Plow
28:50 Long Swordsman
30:19 Chain Mail Armor
29:52 Treadmill Crane
34:11 Gold Shaft Mining
35:40 Stone Mining
36:31 Pikeman
37:13 Squires
41:32 Imperial Age
39:39 Scale Barding Armor
40:03 Fortified Wall
41:35 Masonry
41:48 Cavalier
43:12 Crop Rotation
43:46 Two-Man Saw
44:45 Blast Furnace
44:08 Chain Barding Armor
44:19 Plate Mail Armor
47:28 Chemistry
48:24 Fletching
50:15 Chieftains
50:57 Bodkin Arrow
53:08 Heated Shot
53:51 Architecture
54:04 Elite Berserk
57:08 Light Cavalry
57:49 Two-Handed Swordsman
60:11 Champion
70:09 Caravan
fabian8883073
0:30 Loom
14:07 Feudal Age
20:20 Castle Age
18:54 Double-Bit Axe
18:53 Horse Collar
21:54 Pikeman
26:25 Caravan
35:17 Imperial Age
33:01 Heavy Plow
33:43 Stone Mining
38:25 Halberdier
39:10 Padded Archer Armor
39:02 Fletching
45:25 Malon
45:46 Conscription
45:13 Elite Skirmisher
52:24 Wheelbarrow
52:24 Crop Rotation
52:05 Bow Saw
51:46 Gold Mining
52:31 Stone Shaft Mining
53:58 Butalmapu
61:51 Arson
GoblinSlayer
1:01 Loom
12:35 Feudal Age
18:21 Castle Age
16:36 Horse Collar
16:49 Double-Bit Axe
20:17 Heavy Plow
23:23 Bow Saw
26:36 Husbandry
26:44 Scale Barding Armor
31:42 Wheelbarrow
35:20 Chain Barding Armor
35:12 Forging
38:35 Hand Cart
39:09 Murder Holes
40:22 Coinage
43:49 Imperial Age
41:37 Crossbowman
42:25 Thumb Ring
42:48 Gold Mining
43:05 Fletching
43:16 Padded Archer Armor
51:52 Kamandaran
55:58 Bodkin Arrow
56:19 Leather Archer Armor
65:45 Conscription
Jenson
7:24 Loom
13:29 Feudal Age
15:10 Wheelbarrow
14:25 Double-Bit Axe
14:41 Gold Mining
19:27 Castle Age
18:04 Horse Collar
21:02 Bow Saw
22:20 Heavy Plow
23:39 Hand Cart
31:45 Imperial Age
31:47 Forging
31:37 Scale Mail Armor
32:00 Caravan
33:23 Iron Casting
32:57 Town Watch
34:43 Town Patrol
36:57 Cranequins
39:34 Coinage
39:36 Hamask
42:49 Chemistry
43:04 Sanctity
42:44 Devotion
43:41 Murder Holes
44:38 Elite Varangian Guard
49:57 Northmen's Fury
51:13 Hoardings
50:00 Elite Jomsviking
50:32 Arson
50:09 Pikeman
50:15 Crossbowman
51:02 Thumb Ring
51:33 Ballistics
51:48 Illumination
51:49 Capped Ram
52:59 Redemption
56:04 Banking
56:51 Conscription
55:54 Siege Ram
56:01 Halberdier
56:43 Squires
57:17 Elite Skirmisher
59:02 Blast Furnace
58:04 Padded Archer Armor
57:58 Fletching
61:44 Man-at-Arms
65:49 Onager
65:51 Heavy Scorpion
66:04 Long Swordsman
66:30 Gambesons
68:22 Theocracy
68:03 Block Printing
70:06 Masonry
Connection lost

Rejoining the realm…

Still unreachable

The connection could not be restored.

Session expired

The server has moved on; the page needs a fresh start.